 Dungeon Crawl Stone Soup version 0.28.0-53-g5a82cb258f (webtiles) character file.

Game seed: 10624028611215269429

350 Infinimo the Cudgeller (level 6, -6/65 HPs)
             Began as an Ogre Gladiator on May 26, 2022.
             Killed from afar by an orc wizard (9 damage)
             ... with a puff of flame
             ... on level 3 of the Dungeon.
             The game lasted 00:05:01 (3599 turns).

Infinimo the Cudgeller (Ogre Gladiator)             Turns: 3599, Time: 00:05:01

Health: -6/65      AC:  3    Str: 25    XL:     6   Next: 60%
Magic:  9/9        EV: 10    Int: 11    God:
Gold:   162        SH:  0    Dex: 10    Spells: 8/9 levels left

rFire   . . .      SeeInvis .   a - +0 flail
rCold   . . .      Faith    .   (no shield)
rNeg    . . .      Spirit   .   e - +0 robe {Will+}
rPois   .          Reflect  .   c - +0 hat
rElec   .          Harm     .   (no cloak)
rCorr   .          Rampage  .   (gloves unavailable)
Will    +....                   (boots unavailable)
Stlth   +.........              (no amulet)
HPRegen 0.20/turn               f - +6 ring of strength
MPRegen 0.11/turn               (no ring)

@: brilliant
A: large, unfitting armour, tough skin 1, deterioration 1
a: no special abilities


You were on level 3 of the Dungeon.
You visited 1 branch of the dungeon, and saw 4 of its levels.

You collected 162 gold pieces.

Inventory:

Hand Weapons
 a - a +0 flail (weapon)
Missiles
 d - 3 throwing nets (quivered)
 h - 7 poisoned darts
Armour
 c - a +0 hat (worn)
 e - a +0 robe of willpower (worn)
Jewellery
 f - a +6 ring of strength (left hand)
Scrolls
 g - a scroll of teleportation
 i - a scroll of fog {unknown}
 j - a scroll of torment {unknown}
Potions
 k - a potion of mutation


   Skills:
 + Level 4.8 Fighting
 * Level 4.8 Maces & Flails
 - Level 2.0 Throwing
 - Level 2.6 Dodging
 + Level 2.3 Spellcasting
 + Level 2.0 Transmutations


You had 8 spell levels left.
You knew the following spells:

 Your Spells              Type           Power      Damage    Failure   Level
a - Beastly Appendage     Tmut           16%        N/A       12%         1

Your spell library contained the following spells:

 Spells                   Type           Power      Damage    Failure   Level
 Wereblood                Tmut           8%         N/A       19%         2
 Passwall                 Tmut/Erth      4%         N/A       28%         2
 Ensorcelled Hibernation  Hex/Ice        2%         N/A       38%         2
 Spider Form              Tmut/Pois      5%         N/A       50%         3
 Call Canine Familiar     Summ           1%         N/A       63%         3
 Portal Projectile        Hex/Tloc       2%         N/A       63%         3
 Swiftness                Air            1%         N/A       63%         3
 Leda's Liquefaction      Hex/Erth       0%         N/A       95%         4


Dungeon Overview and Level Annotations

Branches:
Dungeon (4/15)
 Temple: D:4-7

Altars:
Elyvilon
Hepliaklqana
Kikubaaqudgha
Sif Muna

Shops:
D:3 (

Annotations:
D:2 1 runed translucent door, Crazy Yiuf


Innate Abilities, Weirdness & Mutations

You are too large for most types of armour.
You have tough skin. (AC +1)
Your body sometimes deteriorates upon taking damage.


Message History

Your horns disappear.
Your talons disappear.
Your +0 hat unmelds from your body.
The orc wizard barely misses you. Something hits you but does no damage.
The orc wizard casts a spell.
The orc wizard flickers and vanishes!
You miss something. Something hits you. x2
Something hits you but does no damage.
You closely miss something. Something hits you. x2
* * * LOW HITPOINT WARNING * * *
You miss something. Something hits you.
* * * LOW HITPOINT WARNING * * *
Something hits you.
* * * LOW HITPOINT WARNING * * *
You miss something. Something hits you.
* * * LOW HITPOINT WARNING * * *
You hear some strange, mumbled words.
Something tries to affect you, but you resist.
You closely miss something. Something hits you.
* * * LOW HITPOINT WARNING * * *
Something hits you.
* * * LOW HITPOINT WARNING * * *
It was a potion of mutation.
You feel extremely strange.
You feel yourself wasting away. Something hits you.
* * * LOW HITPOINT WARNING * * *
Something hits you.
* * * LOW HITPOINT WARNING * * *
It was a potion of brilliance.
You feel clever all of a sudden. Something completely misses you.
Something hits you but does no damage.
You miss something.
An orc wizard appears from thin air!
Reactivating autopickup.
Something hits you.
* * * LOW HITPOINT WARNING * * *
Deactivating autopickup; reactivate with Ctrl-A.
The orc wizard barely misses you. Something hits you but does no damage.
You miss something. The orc wizard casts a spell at you.
The puff of flame hits you!
You die...

...# #.# ### ...#
#.# ##<## ...# #.#
#...# ...#
#.###.8.#
...####...#...#
......#####'.##
...........######
......##..(##..)##
......##.8....8{@#
#..#####...##..o##
#..# ###.######
#..# ##..## #.##
#...# ..#
#######.8.#
#.###.....#...#
#..##(######<##
#..........###


You could see an orc wizard.

Vanquished Creatures
  Sigmund (D:2)
  4 orc wizards
  4 adders
  A worm (D:2)
  3 dart slugs
  4 orcs (D:3)
  2 bats (D:2)
  8 endoplasms
  3 giant cockroaches
  3 goblins
  3 hobgoblins
  4 jackals (D:2)
  11 ball pythons
  A frilled lizard (D:3)
  4 kobolds
  4 rats
60 creatures vanquished.

Notes
Turn   | Place    | Note
-------+----------+-------------------------------------------
     0 | D:1      | Infinimo the Ogre Gladiator began the quest for the Orb.
     0 | D:1      | Reached XP level 1. HP: 22/22 MP: 1/1
    85 | D:1      | Found a faded altar of an unknown god.
   200 | D:1      | Reached XP level 2. HP: 29/31 MP: 2/2
   713 | D:1      | Reached XP level 3. HP: 37/37 MP: 3/3
  1213 | D:2      | Learned a level 1 spell: Beastly Appendage
  1539 | D:2      | Found an ancient bone altar of Kikubaaqudgha.
  1539 | D:2      | Noticed Sigmund
  1887 | D:2      | Found a runed translucent door.
  1888 | D:2      | Noticed Crazy Yiuf
  1930 | D:2      | Killed Sigmund
  1931 | D:2      | Reached skill level 1 in Spellcasting
  1931 | D:2      | Reached skill level 1 in Transmutations
  1931 | D:2      | Reached XP level 4. HP: 33/49 MP: 3/6
  1931 | D:2      | Reached XP level 5. HP: 37/55 MP: 3/7
  2088 | D:3      | Found a white marble altar of Elyvilon.
  2135 | D:3      | Found a shimmering blue altar of Sif Muna.
  2263 | D:3      | Reached XP level 6. HP: 31/63 MP: 8/8
  2532 | D:3      | Found Nargh's Weapon Shoppe.
  3101 | D:3      | Found a hazy altar of Hepliaklqana.
  3596 | D:3      | Gained mutation: Your body sometimes deteriorates upon
                  | taking damage. [potion of mutation]
  3598 | D:3      | HP: 3/65 [something (2)]
  3599 | D:3      | Killed from afar by an orc wizard

Illustrated notes

Levels and vault maps discovered:
D:1:      giann_bridges, layout_loops_ring, hellmonk_ecumenical_altar_blasted,
          minmay_pentomino_p4
D:2:      layout_loops_ring, basic_altar, uniq_sigmund, uniq_crazy_yiuf_cottage
D:3:      layout_basic, general_overflow_altar, old_standard_altar,
          nicolae_sif_muna_condensation, serial_shops, shop, serial_forest,
          infiniplex_forest_straight_2, infiniplex_forest_lined_ring,
          infiniplex_forest_lined_room_3, infiniplex_forest_end_1,
          infiniplex_forest_fountain, infiniplex_forest_end_2,
          grunt_ministairs_4, hex_intersection, saegor_snake_ambush
D:4:      layout_loops_ring, chequers_avenue,
          minmay_a_box_with_orc_wizards_in_it, uniq_robin

Skill      XL: |  1  2  3  4  5  6 |
---------------+-------------------+-----
Maces & Flails | 3 4 |  4.8
Fighting       | 3 4 |  4.8
Spellcasting   | 1 2 |  2.3
Transmutations | 1 2 |  2.0
Throwing       | |  2.0
Dodging        | |  2.6

Action                   |  1- 3 |  4- 6 || total
-------------------------+-------+-------++-------
Melee: Flail             |   112 |   114 ||   226
       Punch             |     2 |       ||     2
       Kick              |       |     1 ||     1
 Cast: Beastly Appendage |       |     1 ||     1
  Use: Potion            |     2 |     2 ||     4
       Scroll            |     2 |       ||     2
 Stab: Sleeping          |     1 |       ||     1
Armor: Robe              |    47 |    31 ||    78
Dodge: Dodged            |    77 |    52 ||   129
